AoeStats
← FettNasty

Black Forest

505067586Analyzed
4v4 RM · 26d ago on Sep 7, 2026· 69m 27s· 8 players
Game mode
Random Map
Map size
Large (8 player)
Population
200
Speed
Normal
Resources
Standard
Victory
Conquest
Starting age
Dark Age
Ending age
Imperial Age
RankedLock teamsTeams togetherTeam positionsShared explorationLock speedFull tech treeHidden civsTurbo modeCheats
Victory
Defeat
🇪🇸 Vietnamese · Spain
910
+16
🇪🇸 Mongols · Spain
899
+17
🇪🇸 Spanish · Spain
873
+18
🇪🇸 Khmer · Spain
870
+18
🇺🇸 Japanese · United States
929
-18
🇩🇪 Khmer · Germany
926
-18
🇹🇷 Romans · Türkiye
923
-18
🇷🇴 Magyars · Romania
862
-15
Secutor
0:27 Loom
12:51 Feudal Age
13:42 Double-Bit Axe
19:44 Castle Age
25:47 Stone Mining
25:49 Gold Mining
25:51 Horse Collar
29:48 Heavy Plow
30:02 Bow Saw
31:18 Caravan
32:15 Wheelbarrow
31:26 Town Watch
35:13 Imperial Age
33:42 Bloodlines
32:53 Light Cavalry
33:33 Husbandry
33:47 Forging
33:43 Scale Barding Armor
36:57 Chemistry
36:18 Ballistics
36:12 Fortified Wall
35:57 Murder Holes
36:46 Iron Casting
36:32 Chain Barding Armor
36:03 Fletching
35:39 Cavalier
38:06 Hand Cart
37:52 Town Patrol
38:20 Paladin
41:26 Blast Furnace
41:01 Plate Barding Armor
40:24 Bodkin Arrow
41:44 Conscription
41:07 Pikeman
56:03 Two-Man Saw
57:32 Bracer
57:32 Scale Mail Armor
63:46 Elite Conquistador
68:21 Arson
sandrusquids
13:29 Feudal Age
14:55 Wheelbarrow
17:51 Castle Age
16:47 Loom
17:41 Double-Bit Axe
18:07 Horse Collar
19:09 Bow Saw
19:27 Stone Mining
21:07 Hand Cart
21:30 Heavy Plow
22:24 Stone Shaft Mining
25:38 Gold Mining
33:55 Gold Shaft Mining
33:13 Town Watch
33:52 Fortified Wall
33:38 Murder Holes
34:04 Ballistics
33:57 Masonry
34:05 Town Patrol
38:13 Imperial Age
37:22 Caravan
38:58 Double Crossbow
38:58 Elite Ballista Elephant
40:13 Siege Engineers
40:19 Fletching
40:18 Heavy Scorpion
42:54 Coinage
42:34 Tusk Swords
42:37 Bodkin Arrow
43:15 Architecture
42:42 Heated Shot
53:24 Banking
Dani-El
1:01 Loom
13:14 Feudal Age
16:58 Castle Age
18:05 Wheelbarrow
17:16 Double-Bit Axe
17:14 Horse Collar
22:15 Bow Saw
24:17 Heavy Plow
25:16 Stone Mining
25:17 Gold Mining
26:30 Hand Cart
27:31 Caravan
28:02 Coinage
27:56 Town Watch
29:13 Town Patrol
30:45 Padded Archer Armor
30:36 Fletching
30:53 Thumb Ring
30:54 Husbandry
31:55 Stone Shaft Mining
32:00 Gold Shaft Mining
32:09 Bodkin Arrow
32:30 Leather Archer Armor
32:28 Bloodlines
32:41 Ballistics
32:33 Scale Barding Armor
32:39 Forging
32:43 Nomads
35:58 Imperial Age
34:56 Chain Barding Armor
36:24 Iron Casting
36:46 Bracer
37:08 Conscription
37:52 Chemistry
38:00 Parthian Tactics
37:43 Siege Engineers
38:58 Blast Furnace
38:40 Elite Mangudai
39:55 Fervor
41:13 Banking
40:49 Elite Steppe Lancer
42:06 Drill
48:06 Heavy Camel Rider
54:33 Onager
56:37 Siege Onager
Kingyobachi
12:36 Feudal Age
12:44 Loom
14:07 Wheelbarrow
13:20 Double-Bit Axe
13:21 Horse Collar
14:44 Gold Mining
18:49 Castle Age
19:00 Stone Mining
20:02 Bow Saw
19:53 Heavy Plow
20:32 Stone Shaft Mining
20:51 Caravan
22:17 Hand Cart
33:25 Imperial Age
30:41 Town Watch
31:34 Ballistics
30:55 Treadmill Crane
31:10 Murder Holes
31:28 Fortified Wall
31:19 Fletching
31:30 Padded Archer Armor
31:45 Forging
31:44 Scale Mail Armor
35:01 Siege Engineers
35:57 Chemistry
34:23 Man-at-Arms
35:43 Long Swordsman
36:23 Squires
35:44 Pikeman
36:10 Arson
37:16 Coinage
36:16 Two-Handed Swordsman
36:16 Halberdier
36:17 Elite Fire Lancer
37:13 Elite Skirmisher
37:59 Thumb Ring
37:20 Champion
38:03 Bodkin Arrow
38:23 Leather Archer Armor
38:43 Iron Casting
38:23 Chain Mail Armor
38:34 Town Patrol
38:13 Imperial Skirmisher
39:27 Bracer
40:40 Paper Money
41:15 Banking
42:05 Hoardings
47:29 Plate Mail Armor
47:29 Ring Archer Armor
51:38 Elite Rattan Archer
56:48 Two-Man Saw
56:20 Crop Rotation
57:07 Crossbowman
57:56 Arbalester
FettNasty
10:28 Feudal Age
11:44 Wheelbarrow
10:55 Double-Bit Axe
10:51 Horse Collar
20:01 Castle Age
19:04 Gold Mining
20:07 Stone Mining
20:52 Bow Saw
21:52 Gold Shaft Mining
21:22 Heavy Plow
22:24 Hand Cart
30:37 Imperial Age
29:42 Scale Mail Armor
31:23 Forging
31:16 Arson
31:37 Squires
32:29 Kataparuto
33:34 Chain Mail Armor
33:55 Iron Casting
35:11 Two-Man Saw
35:18 Plate Mail Armor
34:32 Treadmill Crane
35:09 Fortified Wall
35:39 Conscription
35:14 Fletching
35:53 Town Watch
35:33 Elite Samurai
36:46 Town Patrol
37:35 Ballistics
37:11 Murder Holes
38:31 Blast Furnace
37:27 Bodkin Arrow
37:34 Padded Archer Armor
38:51 Masonry
41:20 Bracer
42:39 Elite Skirmisher
43:38 Leather Archer Armor
47:46 Ring Archer Armor
50:10 Gambesons
50:55 Pikeman
52:46 Caravan
Stanis_Baratheon
0:50 Loom
12:43 Feudal Age
16:45 Castle Age
15:48 Double-Bit Axe
15:47 Horse Collar
16:02 Gold Mining
19:03 Bow Saw
19:52 Scale Barding Armor
19:58 Forging
25:22 Heavy Plow
27:01 Gold Shaft Mining
31:10 Wheelbarrow
30:40 Husbandry
30:51 Bloodlines
31:07 Chain Barding Armor
31:23 Iron Casting
34:19 Imperial Age
31:44 Light Cavalry
33:05 Hand Cart
34:25 Tusk Swords
35:08 Double Crossbow
35:08 Heavy Scorpion
35:14 Elite Battle Elephant
36:48 Plate Barding Armor
37:54 Ballistics
38:35 Chemistry
38:45 Caravan
39:20 Hussar
55:04 Blast Furnace
55:35 Crop Rotation
63:59 Scale Mail Armor
63:24 Man-at-Arms
64:24 Arson
64:52 Long Swordsman
65:38 Two-Handed Swordsman
PatriotTURK
1:50 Loom
11:07 Feudal Age
11:31 Horse Collar
11:39 Double-Bit Axe
18:25 Castle Age
17:08 Gold Mining
17:30 Stone Mining
19:33 Bow Saw
20:21 Wheelbarrow
20:29 Heavy Plow
21:29 Squires
26:14 Ballistics
27:09 Ballistas
28:01 Gold Shaft Mining
31:04 Imperial Age
28:21 Town Watch
29:19 Hand Cart
30:27 Scale Mail Armor
30:38 Forging
30:45 Fletching
30:56 Padded Archer Armor
31:04 Town Patrol
31:19 Scale Barding Armor
31:31 Chain Mail Armor
32:16 Conscription
32:01 Heavy Scorpion
33:26 Crop Rotation
34:13 Chemistry
33:18 Caravan
34:46 Comitatenses
33:51 Man-at-Arms
35:23 Chain Barding Armor
34:27 Long Swordsman
35:35 Elite Centurion
37:13 Legionary
39:15 Plate Barding Armor
50:28 Iron Casting
49:51 Bodkin Arrow
50:11 Leather Archer Armor
50:47 Onager
aktaa_darwish
0:28 Loom
13:01 Feudal Age
13:36 Double-Bit Axe
13:36 Horse Collar
19:23 Castle Age
19:25 Stone Mining
19:26 Gold Mining
21:10 Heavy Plow
21:25 Bow Saw
21:58 Gold Shaft Mining
27:20 Wheelbarrow
26:31 Town Watch
31:27 Imperial Age
31:22 Corvinian Army
31:56 Elite Magyar Huszar
32:57 Conscription
33:11 Bloodlines
33:02 Husbandry
33:18 Town Patrol
33:47 Hand Cart
33:40 Pikeman
34:06 Arson
35:31 Halberdier
36:08 Light Cavalry
38:30 Two-Man Saw
38:04 Crop Rotation
38:18 Scale Barding Armor
38:13 Scale Mail Armor
40:10 Chain Barding Armor
40:05 Chain Mail Armor
41:28 Cavalier
41:32 Hussar
41:36 Man-at-Arms
44:14 Plate Barding Armor
44:52 Long Swordsman
45:02 Paladin
47:55 Two-Handed Swordsman
53:12 Champion
53:34 Elite Skirmisher
55:43 Padded Archer Armor
55:33 Fletching
56:05 Caravan
57:04 Onager
Connection lost

Rejoining the realm…

Still unreachable

The connection could not be restored.

Session expired

The server has moved on; the page needs a fresh start.